 Dungeon Crawl Stone Soup version 0.25-a0-578-gc91f01c39c (webtiles) character file.

Game seed: 12904647895704692563, levelgen mode: deterministic

406 Jerej03 the Ruffian (level 6, -1/50 HPs)
             Began as a Ghoul Gladiator on Mar 5, 2020.
             Slain by a worker ant (6 damage)
             ... on level 4 of the Dungeon.
             The game lasted 00:18:24 (2089 turns).

Jerej03 the Ruffian (Ghoul Gladiator)               Turns: 2089, Time: 00:18:25

Health: -1/50      AC:  5    Str: 19    XL:     6   Next: 87%
Magic:  5/5        EV: 13    Int:  3    God:
Gold:   120        SH:  0    Dex: 11    Spells: 5/5 levels left

rFire    . . .     SeeInvis .     - Unarmed
rCold    + . .     Gourm    .   (no shield)
rNeg     + + +     Faith    .   a - +0 leather armour
rPois    ∞         Spirit   .   b - +1 helmet
rElec    .         Reflect  .   (no cloak)
rCorr    .         Harm     .   (no gloves)
MR       .....                  (no boots)
Stlth    ++........             (no amulet)
HPRegen  0.00/turn              e - ring of flight
MPRegen  0.09/turn              (no ring)

@: rotting
A: rotting body, claws 1, carnivore, cold resistance 1, negative energy
resistance 3, inhibited regeneration, torment resistance, unbreathing
a: Evoke Flight


You were on level 4 of the Dungeon.
You were not hungry.

You visited 1 branch of the dungeon, and saw 4 of its levels.

You collected 120 gold pieces.

Inventory:

Hand Weapons
 p - a +1 short sword of speed
Missiles
 c - 2 throwing nets (quivered)
 l - 5 atropa-tipped darts
 o - 3 poisoned darts
Armour
 a - a +0 leather armour (worn)
 b - a +1 helmet (worn)
 j - a +2 buckler
Jewellery
 e - a ring of flight (left claw)
Scrolls
 d - 3 scrolls of identify
 g - 2 scrolls of fear {unknown}
 h - 2 scrolls of remove curse
 m - a scroll of blinking {unknown}
 q - 2 scrolls of fog {unknown}
Potions
 i - a potion of haste {unknown}
 n - 2 potions of might {unknown}
 r - a potion of magic {unknown}
 s - a potion of ambrosia {unknown}
Comestibles
 f - 3 rations
 k - a chunk of flesh


   Skills:
 + Level 2.7 Fighting
 + Level 2.1 Throwing
 + Level 2.3 Armour
 + Level 3.5 Dodging
 * Level 3.0 Stealth
 + Level 5.9 Unarmed Combat


You had 5 spell levels left.
You didn't know any spells.
Your spell library contained the following spells:

 Spells                   Type           Power        Failure   Level  Hunger
 Magic Dart               Conj           #...         58%         1    ##.....
 Blink                    Tloc           N/A          73%         2    ###....
 Call Imp                 Summ           #.......     73%         2    ###....
 Slow                     Hex            #.......     73%         2    ###....
 Conjure Flame            Conj/Fire      #.......     91%         3    ####...
 Mephitic Cloud           Conj/Pois/Air  #.......     91%         3    ####...


Dungeon Overview and Level Annotations

Branches:
Dungeon (4/15)
 Temple: D:4-7

Altars:
Qazlal
Uskayaw


Innate Abilities, Weirdness & Mutations

Your body is rotting away.
You thrive on raw meat.
You are immune to poison.
You have sharp fingernails.
You are carnivorous and can eat meat at any time.
Your flesh is cold resistant. (rC+)
You are immune to negative energy. (rN+++)
You do not regenerate when monsters are visible.
You are immune to unholy pain and torment.
You can survive without breathing.


Message History

The worker ant bites you. x2
* * * LOW HITPOINT WARNING * * *
Things that are here:
a +0 club; a +0 leather armour You scratch the worker ant but do no damage.
The quokka misses you. The worker ant bites you.
* * * LOW HITPOINT WARNING * * *
You barely miss the worker ant. The quokka bites you.
* * * LOW HITPOINT WARNING * * *
The worker ant bites you but does no damage.
You closely miss the worker ant. The quokka closely misses you.
The worker ant barely misses you. The quokka bites you.
* * * LOW HITPOINT WARNING * * *
Things that are here:
a +0 whip; a boomerang of dispersal; a scroll of identify You claw the quokka!
You kill the quokka!
You barely miss the worker ant. The worker ant bites you.
You die...

..$ ##...# ().
.?..o ... ....
###.# h..
#.#.# .. #.#.#
.## #. #.#.#
.....#.###.#†#
.........÷.a@#
.....).#######
.......
.##.... #.
####. #.# #.
#.# ##.. #.#
....##.#
...##.#


You could see a worker ant.

Vanquished Creatures
  A phantom (D:4)
  A big kobold (D:4)
  A water moccasin skeleton (D:4)
  A howler monkey (D:4)
  A hound (D:4)
  A bullfrog skeleton (D:4)
  A hound skeleton (D:4)
  3 adders
  An ooze (D:1)
  3 dart slugs
  2 leopard geckos
  3 orcs
  4 bats
  A giant cockroach (D:1)
  3 goblins
  4 hobgoblins
  2 jackals (D:1)
  5 quokkas
  4 frilled lizards
  5 kobolds
  A leopard gecko skeleton (D:2)
  6 rats
54 creatures vanquished.

Notes
Turn   | Place    | Note
-------+----------+-------------------------------------------
     0 | D:1      | Jerej03 the Ghoul Gladiator began the quest for the Orb.
     0 | D:1      | Reached XP level 1. HP: 17/17 MP: 0/0
   170 | D:1      | Reached XP level 2. HP: 20/24 MP: 1/1
   400 | D:1      | Reached skill level 4 in Unarmed Combat
   755 | D:2      | Found a hide-covered altar of Uskayaw.
   764 | D:2      | Reached XP level 3. HP: 20/29 MP: 2/2
  1476 | D:3      | Reached skill level 1 in Stealth
  1620 | D:3      | Reached XP level 4. HP: 29/37 MP: 3/3
  1863 | D:4      | Noticed a big kobold
  1875 | D:4      | Killed a big kobold
  1875 | D:4      | Reached skill level 1 in Armour
  1875 | D:4      | Reached XP level 5. HP: 37/42 MP: 4/4
  1896 | D:4      | Reached skill level 5 in Unarmed Combat
  1921 | D:4      | Found a stormy altar of Qazlal.
  1922 | D:4      | Noticed a phantom
  1923 | D:4      | Noticed a fire elemental
  1923 | D:4      | Noticed a water elemental
  1924 | D:4      | Noticed an air elemental
  1967 | D:4      | Killed a phantom
  1967 | D:4      | Reached XP level 6. HP: 12/50 MP: 5/5
  2089 | D:4      | Slain by a worker ant

Levels and vault maps discovered:
D:1:      dpeg_arrival_windows_large_door, layout_loops_corners,
          chequers_serial_rivers_small_3
D:2:      layout_basic, eat_drink_and_be_merry_uskayaw, first_ration
D:3:      layout_rooms
D:4:      minmay_general_purpose_star, layout_loops_ring,
          nicolae_qazlal_style_of_elements

Skill      XL: |  1  2  3  4  5  6 |
---------------+-------------------+-----
Unarmed Combat | 4 5 |  5.9
Dodging        | 3 |  3.5
Stealth        | 1 2 3 |  3.0
Armour         | 1 2 |  2.3
Throwing       | 2 |  2.1
Fighting       | |  2.7

Action                   |  1- 3 |  4- 6 || total
-------------------------+-------+-------++-------
Melee: Unarmed           |   120 |    79 ||   199
       Punch             |     1 |       ||     1
Throw: Throwing net      |       |     5 ||     5
       Dart              |       |     2 ||     2
  Use: Scroll            |     3 |       ||     3
       Potion            |     2 |     1 ||     3
 Stab: Sleeping          |     1 |       ||     1
       Held in net/web   |       |     1 ||     1
  Eat: Chunk             |     8 |     4 ||    12
       Ration            |     1 |     1 ||     2
Armor: Leather armour    |    32 |    21 ||    53
Dodge: Dodged            |    85 |    41 ||   126

Table legend:
 A = Non-vault XP
 B = Vault XP
 C = Vault XP percentage of total XP
 D = Non-vault monster count
 E = Vault monster count
 F = Vault count percentage of total count
                 A         B        C        D         E       F
            +---------+---------+-------+---------+---------+-------
      Total |     566 |      14 |   2.4 |      53 |       1 |   1.9
            +---------+---------+-------+---------+---------+-------
        D:1 |      32 |       0 |   0.0 |      15 |       0 |   0.0
        D:2 |      31 |       0 |   0.0 |      12 |       0 |   0.0
        D:3 |      23 |       0 |   0.0 |      12 |       0 |   0.0
        D:4 |     480 |      14 |   2.8 |      14 |       1 |   6.7
            +---------+---------+-------+---------+---------+-------
